 Dungeon Crawl Stone Soup version 0.22-a0-533-g4d20840 (webtiles) character file.

4319 CougarLife the Blocker (level 10, 60/82 HPs)
             Began as a Gnoll Fighter on June 23, 2018.
             Was a Follower of Okawaru.
             Quit the game on level 8 of the Dungeon.
             The game lasted 00:10:21 (7098 turns).

CougarLife the Blocker (Gnoll Fighter)              Turns: 7098, Time: 00:10:22

Health: 60/82      AC: 12    Str: 21    XL:     10   Next: 33%
Magic:  17/17      EV: 10    Int: 11    God:    Okawaru [*.....]
Gold:   444        SH: 19    Dex: 15    Spells: 19/19 levels left

rFire    . . .     SeeInvis .   a - +0 war axe
rCold    . . .     Gourm    .   B - +2 large shield
rNeg     + . .     Faith    .   b - +0 scale mail
rPois    .         Spirit   .   (no helmet)
rElec    .         Reflect  .   s - +0 cloak {MR+}
rCorr    +         Harm     .   o - +0 pair of gloves
MR       +....                  u - +0 pair of boots
Stlth    ++........             (no amulet)
HPRegen  0.23/turn              p - ring of resist corrosion
MPRegen  0.15/turn              A - ring of positive energy

@: mildly poisoned (60 -> 54)
A: distributed training, fangs 1, strong nose
a: Heroism, Renounce Religion


You were on level 8 of the Dungeon.
You worshipped Okawaru.
Okawaru was aware of your devotion.
You were very hungry.

You visited 2 branches of the dungeon, and saw 9 of its levels.

You collected 444 gold pieces.

Inventory:

Hand Weapons
 a - a +0 war axe (weapon)
Armour
 b - a +0 scale mail (worn)
 o - a +0 pair of gloves (worn)
 s - a +0 cloak of magic resistance (worn)
 u - a +0 pair of boots (worn)
 B - a +2 large shield (worn)
Jewellery
 p - a ring of resist corrosion (left hand)
 A - a ring of positive energy (right hand)
Wands
 v - a wand of iceblast (4)
 y - a wand of polymorph (10)
Scrolls
 c - a scroll of immolation {unknown}
 g - 4 scrolls of magic mapping
 h - 6 scrolls of remove curse
 i - 2 scrolls of enchant weapon {unknown}
 l - 3 scrolls of amnesia
 q - 2 scrolls of fear {unknown}
 t - 4 scrolls of identify
 w - a scroll of blinking {unknown}
 C - a scroll of vulnerability {unknown}
 D - a scroll of teleportation {unknown}
Potions
 e - a potion of resistance {unknown}
 j - 3 potions of brilliance {unknown}
 k - 2 potions of agility
 m - a potion of mutation {unknown}
 n - a potion of heal wounds {unknown}
 r - 4 potions of curing {unknown}
 z - a potion of berserk rage {unknown}
Comestibles
 f - 20 rations


   Skills:
 + Level 8.4 Fighting
 + Level 5.1 Short Blades
 + Level 5.1 Long Blades
 + Level 6.9 Axes
 + Level 5.1 Maces & Flails
 + Level 5.1 Polearms
 + Level 5.1 Staves
 + Level 5.1 Slings
 + Level 5.1 Bows
 + Level 5.1 Crossbows
 + Level 5.1 Throwing
 + Level 8.4 Armour
 + Level 5.1 Dodging
 + Level 5.1 Stealth
 + Level 8.4 Shields
 + Level 5.1 Unarmed Combat
 + Level 5.1 Spellcasting
 + Level 4.2 Conjurations
 + Level 4.2 Hexes
 + Level 4.2 Charms
 + Level 4.2 Summonings
 + Level 4.2 Necromancy
 + Level 4.2 Translocations
 + Level 4.2 Transmutations
 + Level 4.2 Fire Magic
 + Level 4.2 Ice Magic
 + Level 4.2 Air Magic
 + Level 4.2 Earth Magic
 + Level 4.2 Poison Magic
 + Level 5.6 Invocations
 + Level 5.1 Evocations


You had 19 spell levels left.
You didn't know any spells.
Your spell library contained the following spells:

 Spells                   Type           Power        Failure   Level  Hunger
 Confuse                  Hex            ##......     93%         3    ###....
 Tukima's Dance           Hex            ##......     93%         3    ###....
 Ensorcelled Hibernation  Hex/Ice        ##....       75%         2    ##.....
 Corona                   Hex            ##.....      61%         1    None
 Dazzling Spray           Conj/Hex       ##....       93%         3    ###....


Dungeon Overview and Level Annotations

Branches:
Dungeon (8/15)             Temple (1/1) D:7
   Lair: D:8-11

Altars:
Ashenzari
Cheibriados
Dithmenos
Elyvilon
Fedhas
Gozag
Hepliaklqana
Kikubaaqudgha
Makhleb
Nemelex Xobeh
Okawaru
Qazlal
Ru
Sif Muna
Trog
Uskayaw
Vehumet
Wu Jian
Xom
Yredelemnul
Zin
The Shining One

Shops:
D:5 =!:[


Innate Abilities, Weirdness & Mutations

Your experience applies equally to all skills.
You have very sharp teeth.
Your uncanny sense of smell can sniff out nearby items.


Message History

You feel sick. You block the water moccasin's attack.
The water moccasin bites you but does no damage.
You completely miss the water moccasin.
The water moccasin is heavily wounded.
You feel sick. You block the water moccasin's attack.
You slash the water moccasin!
The water moccasin is almost dead.
You feel sick.
You block the water moccasin's attack. x2
The water moccasin bites you but does no damage.
You slash the water moccasin!
You kill the water moccasin!
Okawaru accepts your kill.
You can now gain great but temporary skills.
You feel sick.
No target in view!
Unknown command.
Unknown command.
Are you sure you want to abandon this character and quit the game? (Confirm with "yes".)
Okay, then.
Are you sure you want to abandon this character and quit the game? (Confirm with "yes".)

#####
####..<#
###......#
#........##
.......@..#
..........#
...........#
.../......##
..........#
..........#
.........##
......####


There were no monsters in sight!

Vanquished Creatures
  Pikel (D:5)
  A hornet (D:7)
  Grinder (D:5)
  A hippogriff (D:7)
  Menkaure (D:6)
  A water moccasin (D:8)
  2 ice beasts
  3 slaves (D:5)
  A sky beast (D:5)
  2 phantoms
  3 necrophages (D:7)
  An ogre (D:5)
  A centaur (D:7)
  3 bullfrogs
  An elf zombie (D:7)
  A wyvern zombie (D:7)
  An elf skeleton (D:7)
  3 scorpions
  3 wights (D:7)
  2 bullfrog zombies
  2 centaur zombies (D:7)
  3 crimson imps
  3 hounds
  3 human zombies (D:7)
  2 centaur skeletons
  4 jellies
  3 orc priests (D:6)
  Crazy Yiuf (D:2)
  8 orc wizards
  Ijyb (D:3)
  2 iguanas
  7 worker ants
  An ogre zombie (D:7)
  A hound zombie (D:7)
  10 gnolls
  A howler monkey skeleton (D:7)
  10 adders
  2 shadow imps (D:6)
  A worm (D:3)
  A dart slug (D:1)
  4 leopard geckos
  23 orcs
  18 giant cockroaches
  6 goblins
  5 hobgoblins
  10 jackals
  6 quokkas
  2 ball pythons
  9 bats
  7 frilled lizards
  7 kobolds
  10 rats
206 creatures vanquished.

Vanquished Creatures (others)
  A slave (D:5)
  An orc wizard (D:4)
2 creatures vanquished.

Grand Total: 208 creatures vanquished

Notes
Turn   | Place    | Note
-------+----------+-------------------------------------------
     0 | D:1      | CougarLife the Gnoll Fighter began the quest for the Orb.
     0 | D:1      | Reached XP level 1. HP: 23/23 MP: 1/1
   100 | D:1      | Reached XP level 2. HP: 29/29 MP: 2/2
   444 | D:2      | Reached XP level 3. HP: 30/35 MP: 3/3
   464 | D:2      | Reached skill level 1 in Invocations
   464 | D:2      | Reached skill level 1 in Short Blades
   464 | D:2      | Reached skill level 1 in Long Blades
   464 | D:2      | Reached skill level 1 in Maces & Flails
   464 | D:2      | Reached skill level 1 in Polearms
   464 | D:2      | Reached skill level 1 in Staves
   464 | D:2      | Reached skill level 1 in Slings
   464 | D:2      | Reached skill level 1 in Bows
   464 | D:2      | Reached skill level 1 in Crossbows
   464 | D:2      | Reached skill level 1 in Throwing
   464 | D:2      | Reached skill level 1 in Dodging
   464 | D:2      | Reached skill level 1 in Stealth
   464 | D:2      | Reached skill level 1 in Unarmed Combat
   464 | D:2      | Reached skill level 1 in Spellcasting
   464 | D:2      | Reached skill level 1 in Evocations
   471 | D:2      | Found a white marble altar of Elyvilon.
   688 | D:2      | Reached XP level 4. HP: 40/41 MP: 5/5
   927 | D:2      | Found a glowing golden altar of the Shining One.
   965 | D:2      | Found a sparkling altar of Nemelex Xobeh.
  1234 | D:2      | Found a runed door.
  1301 | D:2      | Reached skill level 1 in Conjurations
  1301 | D:2      | Reached skill level 1 in Hexes
  1301 | D:2      | Reached skill level 1 in Charms
  1301 | D:2      | Reached skill level 1 in Summonings
  1301 | D:2      | Reached skill level 1 in Necromancy
  1301 | D:2      | Reached skill level 1 in Translocations
  1301 | D:2      | Reached skill level 1 in Transmutations
  1301 | D:2      | Reached skill level 1 in Fire Magic
  1301 | D:2      | Reached skill level 1 in Ice Magic
  1301 | D:2      | Reached skill level 1 in Air Magic
  1301 | D:2      | Reached skill level 1 in Earth Magic
  1301 | D:2      | Reached skill level 1 in Poison Magic
  1376 | D:2      | Noticed Crazy Yiuf
  1382 | D:2      | Killed Crazy Yiuf
  1382 | D:2      | Reached XP level 5. HP: 39/47 MP: 6/6
  1716 | D:3      | Noticed Ijyb
  1736 | D:3      | Killed Ijyb
  2020 | D:4      | Reached XP level 6. HP: 50/53 MP: 8/8
  2145 | D:4      | Found a sacrificial altar of Ru.
  2315 | D:4      | Reached skill level 5 in Axes
  2684 | D:4      | Noticed a phantom
  2699 | D:4      | Killed a phantom
  2699 | D:4      | Reached XP level 7. HP: 45/60 MP: 10/10
  3047 | D:5      | Entered Level 5 of the Dungeon
  3047 | D:5      | Noticed Pikel
  3066 | D:5      | Killed Pikel
  3066 | D:5      | Reached XP level 8. HP: 43/67 MP: 10/12
  3351 | D:5      | Noticed Grinder
  3358 | D:5      | Paralysed by Grinder for 7 turns
  3370 | D:5      | Paralysed by Grinder for 6 turns
  3378 | D:5      | Killed Grinder
  3512 | D:5      | Found Reemmace's Distillery.
  3557 | D:5      | Found Ywom's Book Shop.
  3574 | D:5      | Found a hazy altar of Hepliaklqana.
  3595 | D:5      | Found Jiunenor's Antique Armour Emporium.
  3934 | D:5      | Found Qiamicw's Jewellery Boutique.
  3968 | D:5      | Found a blossoming altar of Fedhas.
  4094 | D:6      | Reached XP level 9. HP: 68/72 MP: 14/14
  4569 | D:6      | Found a shadowy altar of Dithmenos.
  4726 | D:6      | Found a bloodstained altar of Trog.
  4920 | D:6      | Noticed Menkaure
  4925 | D:6      | Killed Menkaure
  5451 | D:7      | Reached skill level 5 in Invocations
  5455 | D:7      | Noticed a hornet
  5712 | D:7      | Paralysed by a hornet for 3 turns
  5718 | D:7      | Killed a hornet
  5718 | D:7      | Reached XP level 10. HP: 43/80 MP: 15/17
  5984 | D:7      | Found a staircase to the Ecumenical Temple.
  6010 | Temple   | Entered the Ecumenical Temple
  6210 | Temple   | Became a worshipper of Warmaster Okawaru
  6356 | D:7      | Found a deep blue altar of Sif Muna.
  6413 | D:7      | Reached skill level 5 in Short Blades
  6413 | D:7      | Reached skill level 5 in Long Blades
  6413 | D:7      | Reached skill level 5 in Maces & Flails
  6413 | D:7      | Reached skill level 5 in Polearms
  6413 | D:7      | Reached skill level 5 in Staves
  6413 | D:7      | Reached skill level 5 in Slings
  6413 | D:7      | Reached skill level 5 in Bows
  6413 | D:7      | Reached skill level 5 in Crossbows
  6413 | D:7      | Reached skill level 5 in Throwing
  6413 | D:7      | Reached skill level 5 in Dodging
  6413 | D:7      | Reached skill level 5 in Stealth
  6413 | D:7      | Reached skill level 5 in Unarmed Combat
  6413 | D:7      | Reached skill level 5 in Spellcasting
  6413 | D:7      | Reached skill level 5 in Evocations
  6821 | D:7      | Found an ancient bone altar of Kikubaaqudgha.
  7097 | D:8      | Reached * piety under Okawaru
  7098 | D:8      | Quit the game

Vault maps used:
D:1:      lightli_arrival_flooded_house
D:2:      minmay_roachtagon, nicolae_overflow_crystal_walls, lemuel_round_altar,
          lemuel_crystal_altar, uniq_crazy_yiuf_cottage
D:3:      uniq_ijyb
D:4:      kennysheep_mini_moat, first_ration
D:5:      kennysheep_little_box, nicolae_overflow_hidden_temple, serial_shops,
          nicolae_shop_behind_doors, shop, nicolae_shop_behind_doors,
          shop_coins, minmay_misc_feat_room, uniq_grinder, uniq_pikel
D:6:      grunt_dithmenos_smoke_and_mirrors, kennysheep_mini, nicolae_sextant,
          minmay_misc_feat_iff, uniq_menkaure
D:7:      led_sif_pool, lemuel_mausoleum_altar_kikubaaqudgha,
          minmay_temple_entry_glass
D:8:      kennysheep_housing_project, serial_shops, nicolae_shop_stone,
          david_nohive_1, tgw_xom
Temple:   nicolae_temple_hex_pool

Skill      XL: |  1  2  3  4  5  6  7  8  9 10 |
---------------+-------------------------------+-----
Invocations    | 1 2 3 4 5 |  5.6
Short Blades   | 1 2 3 4 5 |  5.1
Long Blades    | 1 2 3 4 5 |  5.1
Maces & Flails | 1 2 3 4 5 |  5.1
Polearms       | 1 2 3 4 5 |  5.1
Staves         | 1 2 3 4 5 |  5.1
Slings         | 1 2 3 4 5 |  5.1
Bows           | 1 2 3 4 5 |  5.1
Crossbows      | 1 2 3 4 5 |  5.1
Throwing       | 1 2 3 4 5 |  5.1
Dodging        | 1 2 3 4 5 |  5.1
Stealth        | 1 2 3 4 5 |  5.1
Unarmed Combat | 1 2 3 4 5 |  5.1
Spellcasting   | 1 2 3 4 5 |  5.1
Evocations     | 1 2 3 4 5 |  5.1
Conjurations   | 1 2 3 4 |  4.2
Hexes          | 1 2 3 4 |  4.2
Charms         | 1 2 3 4 |  4.2
Summonings     | 1 2 3 4 |  4.2
Necromancy     | 1 2 3 4 |  4.2
Translocations | 1 2 3 4 |  4.2
Transmutations | 1 2 3 4 |  4.2
Fire Magic     | 1 2 3 4 |  4.2
Ice Magic      | 1 2 3 4 |  4.2
Air Magic      | 1 2 3 4 |  4.2
Earth Magic    | 1 2 3 4 |  4.2
Poison Magic   | 1 2 3 4 |  4.2
Axes           | 5 6 |  6.9
Fighting       | 7 8 |  8.4
Armour         | 7 8 |  8.4
Shields        | 7 8 |  8.4

Action                   |  1- 3 |  4- 6 |  7- 9 | 10-12 || total
-------------------------+-------+-------+-------+-------++-------
Melee: War axe           |    51 |   209 |   285 |   150 ||   695
       Bite              |     7 |    22 |    32 |    19 ||    80
  Use: Scroll            |       |     2 |     3 |     1 ||     6
       Potion            |       |       |     3 |     1 ||     4
 Stab: Sleeping          |       |       |     1 |       ||     1
  Eat: Chunk             |       |     6 |    10 |     4 ||    20
Armor: Scale mail        |    16 |    96 |   126 |    53 ||   291
Dodge: Dodged            |    15 |    61 |   109 |    31 ||   216
Block: Shield            |    38 |   126 |    84 |       ||   248
       Large shield      |       |       |   185 |   154 ||   339

Table legend:
 A = Spawn XP
 B = Non-spawn XP
 C = Spawn XP percentage of total XP
 D = Spawn monster count
 E = Non-spawn monster count
 F = Spawn count percentage of total count
 G = Total turns spent on level
                    A         B        C        D         E        F      G
               +---------+---------+-------+---------+---------+-------+---------
         Total |       0 |    6170 |   0.0 |       0 |     203 |   0.0 |  7098
               +---------+---------+-------+---------+---------+-------+---------
           D:1 |       0 |      33 |   0.0 |       0 |      20 |   0.0 |   425
           D:2 |       0 |     145 |   0.0 |       0 |      33 |   0.0 |   999
           D:3 |       0 |     102 |   0.0 |       0 |      23 |   0.0 |   538
           D:4 |       0 |     451 |   0.0 |       0 |      20 |   0.0 |  1085
           D:5 |       0 |    1590 |   0.0 |       0 |      27 |   0.0 |  1013
           D:6 |       0 |    1103 |   0.0 |       0 |      29 |   0.0 |  1224
           D:7 |       0 |    2547 |   0.0 |       0 |      49 |   0.0 |  1584
           D:8 |       0 |     153 |   0.0 |       0 |       1 |   0.0 |    19
        Temple |       0 |      46 |   0.0 |       0 |       1 |   0.0 |   211
               +---------+---------+-------+---------+---------+-------+---------
